 Dungeon Crawl Stone Soup version 0.21-a0-517-gd76cfe0 (webtiles) character file.

109 slep the Chopper (level 4, -2/37 HPs)
             Began as a Minotaur Gladiator on Dec 4, 2017.
             Slain by Sigmund
             ... wielding a +0 scythe
              (11 damage)
             ... on level 3 of the Dungeon.
             The game lasted 00:04:31 (1896 turns).

slep the Chopper (Minotaur Gladiator)               Turns: 1896, Time: 00:04:31

Health: -2/37      AC:  3    Str: 19    XL:     4   Next: 60%
Magic:  3/3        EV: 13    Int:  5    God:
Gold:   128        SH:  0    Dex: 12    Spells: 3/3 levels left

rFire    . . .     SeeInvis .   a - +0 war axe
rCold    . . .     Gourm    .   (no shield)
rNeg     . . .     Faith    .   b - +0 leather armour
rPois    .         Spirit   .   c - +0 hat
rElec    .         Reflect  .   (no cloak)
rCorr    .         Harm     .   (no gloves)
MR       .....                  (no boots)
Stlth    +.........             (no amulet)
HPRegen  0.12/turn              (no ring)
MPRegen  0.08/turn              (no ring)

@: no status effects
A: retaliatory headbutt, horns 2
a: no special abilities


You were on level 3 of the Dungeon.
You were not hungry.

You visited 1 branch of the dungeon, and saw 4 of its levels.

You collected 128 gold pieces.

Inventory:

Hand Weapons
 a - a +0 war axe (weapon)
Missiles
 d - 3 throwing nets (quivered)
Armour
 b - a +0 leather armour (worn)
 c - a +0 hat (worn)
Scrolls
 e - 2 scrolls of random uselessness {unknown}
 g - 2 scrolls of identify {unknown}
 i - a scroll of noise {unknown}
 m - a scroll of immolation {unknown}
 p - a scroll of enchant weapon {unknown}
 q - a scroll of fog {unknown}
 r - a scroll of enchant armour {unknown}
Potions
 h - a potion of might {unknown}
 j - 2 potions of cancellation {unknown}
 n - a potion of heal wounds {unknown}
 o - a potion of degeneration {unknown}
Comestibles
 f - 5 bread rations
 k - 5 fruits
 l - 2 meat rations


   Skills:
 + Level 2.9 Fighting
 + Level 5.0 Axes
 + Level 2.1 Throwing
 + Level 1.4 Armour
 + Level 4.2 Dodging
 + Level 0.4 Stealth


You had 3 spell levels left.
You didn't know any spells.

Dungeon Overview and Level Annotations

Branches:
Dungeon (4/15)
 Temple: D:4-7

Altars:
Elyvilon
Qazlal
Ru
Zin
The Shining One

Annotations:
D:3 Sigmund


Innate Abilities, Weirdness & Mutations

You reflexively headbutt those who attack you in melee.
You have a pair of horns on your head.


Message History

Sigmund points at you and mumbles some strange words.
The magic dart hits you! Sigmund casts a spell at you. The magic dart hits you!
Sigmund drinks a potion.
Sigmund suddenly seems more agile.
Found a stone staircase leading down.
Sigmund hits you with a scythe.
You closely miss Sigmund. Your headbutt misses Sigmund.
Sigmund closely misses you. You furiously retaliate!
You headbutt Sigmund! You hit Sigmund.
Sigmund is moderately wounded.
Sigmund gestures wildly while chanting.
Sigmund flickers and vanishes!
Deactivating autopickup; reactivate with Ctrl-A.
You miss something. Your headbutt misses something. Something hits you!
* * * LOW HITPOINT WARNING * * *
You completely miss something. Something hits you but does no damage.
You miss something. You hit something but do no damage. You headbutt something.
Something hits you!
You die...

#.......... .... ...
##........## ..> ..
)........... ......
#.....).... ....#
#.....†....
#.#.#####..........
###.#.............†..
#...{...###..........
#...@.......#.#####..
#...........#........
#...........########.
#...........#######..
#..)..†.....'........
#....[......#######..
########....# #..
###### #.. #..


There were no monsters in sight!

Vanquished Creatures
  A hound skeleton (D:4)
  An adder (D:3)
  2 oozes
  4 worms
  4 dart slugs
  A leopard gecko (D:4)
  An orc (D:4)
  7 bats
  A giant cockroach (D:1)
  13 goblins
  7 hobgoblins
  2 jackals (D:2)
  2 kobolds
  2 frilled lizards
  8 rats
56 creatures vanquished.

Notes
Turn   | Place    | Note
-------+----------+-------------------------------------------
     0 | D:1      | slep the Minotaur Gladiator began the quest for the Orb.
     0 | D:1      | Reached XP level 1. HP: 18/18 MP: 0/0
   321 | D:1      | Reached skill level 4 in Axes
   321 | D:1      | Reached XP level 2. HP: 15/25 MP: 1/1
   974 | D:2      | Reached XP level 3. HP: 30/30 MP: 2/2
  1086 | D:2      | Found a stormy altar of Qazlal.
  1089 | D:2      | Found a sacrificial altar of Ru.
  1095 | D:2      | Found a glowing golden altar of the Shining One.
  1391 | D:2      | Reached skill level 1 in Armour
  1512 | D:2      | Found a glowing silver altar of Zin.
  1677 | D:3      | Reached XP level 4. HP: 35/37 MP: 3/3
  1682 | D:3      | Found a white marble altar of Elyvilon.
  1847 | D:3      | Reached skill level 5 in Axes
  1885 | D:3      | Noticed Sigmund
  1896 | D:3      | Slain by Sigmund

Vault maps used:
D:1:      nagdon_arrival_double_spiral
D:2:      zin_academy, minmay_overflow_temple_star_quad
D:3:      elyvilon_altar_4, grunt_qazlal_clouds, uniq_sigmund
D:4:      serial_undead, serial_undead_f, serial_undead_b, serial_undead_e,
          serial_undead_b, serial_undead_a, serial_bayou_pond_b,
          grunt_ministairs_10, fedhas_bush_and_centaur_altar

Skill      XL: |  1  2  3  4 |
---------------+-------------+-----
Axes           | 4 5 |  5.0
Dodging        | 4 |  4.2
Armour         | 1 |  1.4
Fighting       | |  2.9
Throwing       | |  2.1
Stealth        | |  0.4

Action                   |  1- 3 |  4- 6 || total
-------------------------+-------+-------++-------
Melee: War axe           |    74 |    28 ||   102
       Headbutt          |     9 |     2 ||    11
 Stab: Sleeping          |     1 |       ||     1
  Eat: Chunk             |     2 |     1 ||     3
Armor: Leather armour    |    24 |     5 ||    29
Dodge: Dodged            |    58 |    16 ||    74

Table legend:
 A = Spawn XP
 B = Non-spawn XP
 C = Spawn XP percentage of total XP
 D = Spawn monster count
 E = Non-spawn monster count
 F = Spawn count percentage of total count
 G = Total turns spent on level
                    A         B        C        D         E        F      G
               +---------+---------+-------+---------+---------+-------+---------
         Total |       0 |     157 |   0.0 |       0 |      56 |   0.0 |  1896
               +---------+---------+-------+---------+---------+-------+---------
           D:1 |       0 |      27 |   0.0 |       0 |      15 |   0.0 |   955
           D:2 |       0 |      66 |   0.0 |       0 |      27 |   0.0 |   655
           D:3 |       0 |      38 |   0.0 |       0 |      11 |   0.0 |   271
           D:4 |       0 |      26 |   0.0 |       0 |       3 |   0.0 |    15
               +---------+---------+-------+---------+---------+-------+---------
